 Dungeon Crawl Stone Soup version 0.30-a0-618-gd6c86c23d0 (webtiles) character file.

Game seed: 9572856374692312095

54 HoaS the Shooter (level 3, -7/21 HPs)
             Began as a Gargoyle Hunter on Jan 9, 2023.
             Killed by divine providence
             ... invoked by an orc priest
              (15 damage)
             ... on level 2 of the Dungeon.
             The game lasted 00:02:58 (1008 turns).

HoaS the Shooter (Gargoyle Hunter)                  Turns: 1008, Time: 00:02:59

Health: -7/21      AC:  8    Str: 14    XL:     3   Next: 91%
Magic:  3/3        EV: 26    Int:  9    God:
Gold:   70         SH:  0    Dex: 15    Spells: 2/2 levels left

rFire   . . .      SeeInvis .    a - +1 shortbow (heavy)
rCold   . . .      Faith    .    (shield currently unavailable)
rNeg    + . .      Spirit   .    c - +0 leather armour
rPois   ∞          Reflect  .    i - +2 hat
rElec   +          Harm     .    (no cloak)
rCorr   .          Rampage  .    (no gloves)
Will    .....                    (no boots)
Stlth   ++                       f - amulet of the acrobat
HPRegen 0.23/turn                (no ring)
MPRegen 0.08/turn                (no ring)

@: acrobatic
A: sickness immunity, AC +3, negative energy resistance 1, electricity
resistance, torment resistance 1, petrification resistance
a: no special abilities


You were on level 2 of the Dungeon.
You visited 1 branch of the dungeon, and saw 2 of its levels.

You collected 70 gold pieces.

Inventory:

Hand Weapons
 a - a +1 heavy shortbow (weapon)
Armour
 c - a +0 leather armour (worn)
 i - a +2 hat (worn)
Jewellery
 f - an amulet of the acrobat (around neck)
Scrolls
 b - a scroll of immolation
 d - a scroll of brand weapon
 e - a scroll of teleportation
 h - 2 scrolls of identify
Potions
 g - a potion of heal wounds
 j - a potion of ambrosia
 k - 3 potions of invisibility {unknown}


   Skills:
 - Level 2.1 Fighting
 + Level 5.4 Ranged Weapons
 - Level 1.5 Dodging
 - Level 1.1 Stealth


You had 2 spell levels left.
You didn't know any spells.
Your spell library contained the following spells:

 Spells                   Type           Power      Damage    Failure   Level
 Animate Armour           Summ/Erth      0%         N/A       99%         4
 Blade Hands              Tmut           0%         N/A       100%        5
 Iron Shot                Conj/Erth      0%         9d1       100%        6


Dungeon Overview and Level Annotations

Branches:
Dungeon (2/15)

Altars:


Innate Abilities, Weirdness & Mutations

You are immune to sickness and miasma.
Your stone body is resilient. (AC +3)
You are immune to poison.
You resist negative energy. (rN+)
You are resistant to electric shocks. (rElec)
You are resistant to unholy torment.
You are immune to petrification.


Message History

No target in view!
An orc, an orc priest, a rat and an adder come into view.
Found a scroll of teleportation.
The adder hisses angrily.
The orc shouts!
You hear a shout!
An orc comes into view. It is wielding a +0 flail.
You shoot an arrow. The arrow hits the adder!
The adder is heavily wounded.
The adder bites you. The adder misses you. x2
You shoot an arrow. The arrow misses the adder.
The adder misses you. The adder bites you but does no damage.
You shoot an arrow. The arrow completely misses the adder.
The adder barely misses you. The adder closely misses you.
You shoot an arrow. The arrow closely misses the adder.
The orc priest shouts!
The arrow hits the orc!
You kill the orc!
The adder closely misses you.
The orc priest invokes the aid of Beogh against you.
Beogh smites you! The adder bites you but does no damage.
The orc priest looks braver for a moment.
The orc barely misses you. The adder misses you.
You shoot an arrow. The arrow barely misses the adder.
The adder closely misses you. The orc hits you with a +0 flail.
The adder bites you but does no damage.
The orc priest miscasts a cantrip.
The orc hits you with a +0 flail. The adder bites you but does no damage.
The adder attacks as you move away! The adder completely misses you.
The adder closely misses you. The adder attacks as you move away!
The adder completely misses you.
There is an escape hatch in the floor here.
You open the door. The adder bites you but does no damage.
The adder completely misses you.
There is an open door here.
The orc priest attacks as you move away!
The orc priest closely misses you.
The orc priest calls down the wrath of Beogh upon you.
Beogh smites you!
Ouch! That really hurt!
You die...

###### #......########## .....#
#...............########## .....#
#.........................
..........>.....######.##########
S....########.#.# #...........
...........##.#.# #.#.########
#+#.# .##.#.## ##...........
#.#.# .##.#..# ##....########
#.#.# ##....##@# #<............
##.#.####..#####S####...#.#######
...............o..# #...#........
..............#.#o#####.#.#......
......o.....##..>..# #...'......
#...†..)...#.#.....# ##..'....PP
.##).....##.#......## ##.#..P..P
##.#....#o##........# #.#...P..
#.#.#..#.#.#........#####.##PP###


You could see an orc priest, an adder and an orc.

Vanquished Creatures
  An adder (D:2)
  A worm (D:2)
  2 dart slugs (D:2)
  An orc (D:2)
  5 ball pythons
  2 endoplasms
  2 giant cockroaches
  3 goblins
  3 jackals (D:1)
  3 quokkas
  3 bats (D:1)
  2 frilled lizards (D:1)
  3 kobolds
  5 rats
36 creatures vanquished.

Notes
Turn   | Place    | Note
-------+----------+-------------------------------------------
     0 | D:1      | HoaS the Gargoyle Hunter began the quest for the Orb.
     0 | D:1      | Reached XP level 1. HP: 12/12 MP: 1/1
   177 | D:1      | Reached XP level 2. HP: 17/17 MP: 2/2
   623 | D:2      | Reached skill level 5 in Ranged Weapons
   623 | D:2      | Reached XP level 3. HP: 17/21 MP: 3/3
  1008 | D:2      | Killed from afar by an orc priest

Illustrated notes

Levels and vault maps discovered:
D:1:      ncdulo_halloftheorcs, layout_basic
D:2:      cheibrodos_old_hovel, layout_basic, minmay_misc_feat_pillars,
          minmay_misc_feat_secret_circle, minmay_split_cup_large

Skill      XL: |  1  2 |
---------------+-------+-----
Ranged Weapons | 5 |  5.4
Fighting       | |  2.1
Dodging        | |  1.5
Stealth        | |  1.1

Action                   || total
-------------------------++-------
 Fire: Shortbow          ||    78
  Use: Scroll            ||     7
Armor: Leather armour    ||    22
Dodge: Dodged            ||    35

Table legend: (Time is in decaauts)
 A = Elapsed time spent in this place.
 B = Non-inter-level travel time spent in this place.
 C = Inter-level travel time spent in this place.
 D = Time resting spent in this place.
 E = Time spent auto-exploring this place.
 F = Levels seen in this place.
 G = Mean time per level.
                   A        B        C        D        E       F      G
               +--------+--------+--------+--------+--------+-----+--------+
         Total |   1051 |   1029 |     22 |     45 |    741 |   2 |  525.5 |
       Dungeon |   1051 |   1029 |     22 |     45 |    741 |   2 |  525.5 |
               +--------+--------+--------+--------+--------+-----+--------+

Top non-repeatable levels by time:
     D:1: 574 daAuts
     D:2: 477 daAuts
